cohdb
Replays
Latest Replays
All Replays
Popular Replays
Top Player Replays
Match Explorer
How It Works
Community
CoH3 Stats
Reddit
Sign in to upload your games and track your stats! →
Sign in with Steam
Match 43032707
Unlisted
Match 43032707
Overview
Messages
Build Orders
End
Panzergrenadier Squad
Selects Battlefield Espionage Battlegroup
250 Light Carrier
Panzergrenadier Squad
Construct Light Support Kompanie
MG34 Team
Selects Intel Disruption Beacon
Assault Grenadier Squad
Panzerjäger Mechanized Group
Construct Mechanized Kompanie
2.5-tonne Medical Truck
Selects Plunder
Assault Grenadier Squad
Marder III Tank Destroyer
Selects 250/3 Funkpanzerwagen
Selects Advanced Ambush Training
Gabriel
Haggets
bigcheese
Tixi
0
0
Comments
sign in to comment!
No comments posted yet!